Map: Lightshade LE

Players

ViBE - Winner!

  • Race: Terran Terran
  • League: Diamond

Statistician

  • Race: Protoss Protoss

VOD

Have the link to the VOD?

Description

Time

  • Played on: April 7, 2021, 8:15 p.m.
  • Length: 14:10
Show
View Real Time Build Order
Export as new Build Order

ViBE Terran - Winner!

Build Orders:  

Get SALT Encoding   

  12  0:00  SCV  
  13  0:12  SCV  
  14  0:19  Supply Depot  
  14  0:24  SCV  
  15  0:41  SCV  
  16  0:44  Barracks  
  16  0:48  Refinery  
  16  0:53  SCV  
  17  1:07  SCV  
  18  1:19  SCV  
  19  1:31  Orbital Command  
  19  1:37  Marine  
  19  1:39  Command Center  
  20  1:56  Marine  
  20  2:00  Supply Depot  
  21  2:02  SCV  
  22  2:14  SCV  
  23  2:24  Barracks Reactor, Factory  
  23  2:26  SCV  
  24  2:38  SCV  
  25  2:50  SCV  
  26  2:53  Orbital Command  
  26  2:54  Refinery  
  26  2:56  Supply Depot  
  26  3:01  Marine x2  
  26  3:02  SCV  
  29  3:10  Barracks, Factory Tech Lab  
  29  3:15  SCV  
  29  3:19  Marine x2  
  32  3:20  SCV  
  32  3:23  Supply Depot  
  34  3:27  SCV  
  34  3:33  SCV, Siege Tank  
  38  3:39  SCV  
  39  3:44  Marine x2  
  39  3:45  SCV  
  39  3:47  Supply Depot  
  42  3:51  SCV  
  43  3:57  SCV  
  43  3:59  Barracks Tech Lab  
  43  4:01  Starport  
  44  4:03  SCV  
  44  4:04  Marine x2  
  44  4:09  SCV  
  48  4:14  Supply Depot  
  48  4:15  SCV  
  49  4:21  SCV  
  50  4:27  SCV, Siege Tank  
  50  4:28  Marine x3, Stimpack  
  57  4:33  SCV  
  57  4:38  Supply Depot  
  58  4:39  SCV  
  58  4:42  Starport Reactor  
  58  4:45  SCV  
  60  4:46  Command Center  
  60  4:47  Marine  
  60  4:48  Marine  
  60  4:49  Marine  
  60  4:51  SCV  
  64  4:57  SCV  
  65  5:00  Supply Depot  
  65  5:01  Supply Depot  
  65  5:03  SCV  
  65  5:05  Marine x2  
  68  5:07  Siege Tank  
  68  5:09  SCV  
  68  5:10  Marine  
  68  5:13  Refinery  
  68  5:14  Refinery  
  73  5:16  SCV  
  74  5:21  SCV  
  74  5:23  Marine x2  
  74  5:24  Medivac  
  74  5:27  Marine  
  74  5:28  Medivac  
  82  5:38  SCV x2  
  82  5:41  Marine x2  
  86  5:45  Marine  
  87  5:50  SCV x2  
  87  5:52  Supply Depot  
  87  5:55  Supply Depot x2  
  89  6:00  Orbital Command  
  89  6:13  Marine x2  
  89  6:16  Marine, Medivac x2  
  96  6:22  Barracks x3, Armory  
  96  6:23  Barracks  
  96  6:26  Engineering Bay  
  96  6:29  Engineering Bay  
  96  6:35  Marine x3  
  96  6:39  Combat Shield  
  99  6:41  SCV x2  
  101  6:52  Orbital Command  
  101  6:53  Marine x3, Medivac x2  
  108  7:00  SCV x2  
  108  7:11  Marine x3  
  108  7:12  SCV x2  
  109  7:16  Barracks Reactor  
  109  7:18  Barracks Reactor x3  
  109  7:22  Terran Vehicle Weapons Level 1  
  105  7:24  SCV x2  
  105  7:26  Terran Infantry Armor Level 1, Terran Infantry Weapons Level 1  
  105  7:29  Marine x3  
  110  7:30  SCV  
  110  7:36  SCV x2  
  107  7:39  Command Center  
  107  7:43  SCV  
  104  7:46  Marine  
  104  7:47  Marine x2  
  104  7:48  SCV x2  
  109  7:55  SCV  
  109  7:56  Marine x8  
  118  8:02  Thor  
  118  8:04  Marine  
  118  8:05  Marine x2  
  126  8:11  Refinery x2, SCV x2  
  126  8:12  SCV  
  128  8:21  Marine x8  
  128  8:22  Marine x2  
  128  8:23  Marine, Medivac x2  
  128  8:26  SCV x3  
  121  8:38  SCV  
  121  8:39  SCV x2  
  121  8:50  Marine x6, SCV  
  121  8:51  SCV x2  
  121  8:52  Medivac  
  121  8:53  Medivac  
  134  9:03  Marine x5, SCV x3  
  134  9:06  Thor  
  134  9:08  Marine x5  
  153  9:14  Command Center  
  153  9:15  Marine, SCV x2  
  156  9:20  Supply Depot  
  156  9:21  Supply Depot  
  156  9:40  Supply Depot  
  156  9:41  Marine x6, Supply Depot, SCV  
  163  9:45  Planetary Fortress  
  163  9:47  Marine, SCV x2  
  163  9:48  Marine x4  
  163  9:50  Medivac  
  172  10:01  Marine x6, SCV  
  172  10:02  Medivac  
  181  10:08  Terran Vehicle Weapons Level 2  
  181  10:13  Supply Depot x2  
  181  10:21  SCV x3  
  182  10:22  SCV  
  185  10:33  SCV x3, Command Center  
  185  10:34  Thor, SCV  
  195  10:37  Medivac x2  
  195  10:38  Marine  
  200  10:57  Barracks  
  200  10:58  Barracks x2  
  200  10:59  Barracks x2  
  200  11:02  Barracks  
  200  11:07  Planetary Fortress  
  200  11:18  Command Center  
  172  11:28  Marine x11  
  172  11:29  Thor  
  172  11:30  Medivac x2  
  162  12:08  Supply Depot  
  162  12:10  Supply Depot x2  
  162  12:18  Command Center  
  162  12:24  Barracks Reactor  
  162  12:25  Barracks Reactor x3  
  162  12:27  Barracks Reactor x2  
  162  12:31  Marine x2  
  164  12:39  Engineering Bay  
  164  12:40  Engineering Bay  
  160  12:50  Marine  
  160  12:51  Marine x3, SCV  
  156  12:52  Marine x2, SCV  
  156  12:53  Marine x2, SCV  
  145  12:59  Marine x3  
  145  13:02  SCV  
  145  13:03  SCV  
  145  13:04  SCV  
  145  13:05  SCV  
  149  13:08  Marine  
  121  13:34  Marine x15  
  121  13:35  Marine  
  121  13:37  SCV  
  138  13:47  SCV  
  139  13:54  SCV x2  
Show
View Real Time Build Order
Export as new Build Order

Statistician Protoss 

Build Orders: 1 Gate Expand, Chargelot Immortal 

Get SALT Encoding   

  12  0:00  Probe  
  13  0:12  Probe  
  14  0:19  Pylon  
  14  0:24  Probe  
  15  0:37  Probe (Chrono Boost)  
  15  0:39  Gateway  
  15  0:42  Assimilator  
  16  0:47  Probe (Chrono Boost)  
  17  0:53  Probe  
  18  1:05  Probe (Chrono Boost)  
  19  1:18  Probe (Chrono Boost)  
  20  1:23  Nexus  
  20  1:37  Cybernetics Core  
  20  1:39  Probe  
  21  1:47  Assimilator  
  21  1:50  Pylon  
  21  1:51  Probe  
  22  2:03  Probe  
  23  2:11  Stalker (Chrono Boost)  
  23  2:15  Warp Gate  
  25  2:20  Probe  
  26  2:33  Probe (Chrono Boost)  
  26  2:34  Sentry  
  29  2:40  Probe (Chrono Boost)  
  31  2:46  Pylon  
  31  2:49  Probe x2 (Chrono Boost)  
  32  2:54  Probe (Chrono Boost)  
  32  2:56  Probe  
  34  3:04  Robotics Facility  
  34  3:05  Gateway, Stalker  
  36  3:08  Probe (Chrono Boost)  
  36  3:10  Pylon  
  38  3:17  Probe (Chrono Boost)  
  38  3:18  Pylon  
  38  3:19  Probe (Chrono Boost)  
  39  3:24  Probe (Chrono Boost)  
  39  3:25  Probe (Chrono Boost)  
  41  3:35  Probe (Chrono Boost)  
  41  3:36  Stalker, Probe (Chrono Boost)  
  45  3:47  Probe (Chrono Boost)  
  47  3:52  Observer, Probe (Chrono Boost)  
  48  3:59  Probe  
  48  4:01  Probe  
  50  4:06  Stalker  
  50  4:07  Nexus  
  52  4:11  Probe (Chrono Boost)  
  52  4:14  Observer  
  55  4:17  Probe (Chrono Boost)  
  55  4:23  Probe (Chrono Boost)  
  56  4:24  Assimilator x2  
  56  4:28  Probe x2 (Chrono Boost)  
  58  4:31  Pylon  
  58  4:35  Stalker, Immortal  
  58  4:37  Probe (Chrono Boost)  
  66  4:39  Stalker, Probe (Chrono Boost)  
  68  4:50  Probe (Chrono Boost)  
  70  4:54  Pylon, Probe (Chrono Boost)  
  70  4:56  Probe (Chrono Boost)  
  70  4:59  Zealot  
  73  5:01  Probe  
  73  5:05  Forge  
  74  5:08  Twilight Council, Stalker  
  74  5:09  Probe  
  74  5:13  Probe  
  78  5:21  Probe, Immortal  
  78  5:27  Pylon  
  83  5:32  Gateway, Stalker  
  85  5:36  Probe (Chrono Boost)  
  85  5:41  Charge (Chrono Boost), Zealot  
  85  5:42  Probe x2 (Chrono Boost)  
  90  5:48  Gateway  
  90  5:49  Protoss Ground Weapons Level 1  
  91  5:51  Probe x2 (Chrono Boost)  
  91  5:56  Stalker  
  95  5:57  Probe (Chrono Boost)  
  95  6:03  Probe (Chrono Boost)  
  97  6:04  Probe (Chrono Boost)  
  97  6:06  Probe (Chrono Boost)  
  97  6:10  Probe  
  98  6:12  Probe  
  98  6:17  Immortal  
  104  6:20  Zealot  
  104  6:22  Nexus  
  104  6:23  Assimilator, Probe (Chrono Boost)  
  109  6:27  Probe (Chrono Boost)  
  109  6:28  Assimilator  
  109  6:30  Probe (Chrono Boost)  
  109  6:31  Shield Battery  
  109  6:32  Pylon  
  109  6:34  Pylon  
  109  6:44  Pylon  
  109  6:46  Pylon  
  109  6:48  Pylon  
  109  6:50  Stalker  
  109  6:51  Stalker  
  109  6:52  Probe (Chrono Boost)  
  116  6:54  Probe x2 (Chrono Boost)  
  116  6:56  Shield Battery, Immortal (Chrono Boost)  
  116  6:57  Probe (Chrono Boost)  
  121  7:02  Probe  
  121  7:08  Zealot x2  
  114  7:10  Probe x2  
  114  7:14  Probe  
  108  7:22  Probe x2 (Chrono Boost)  
  110  7:24  Zealot  
  110  7:28  Probe (Chrono Boost)  
  109  7:34  Probe (Chrono Boost)  
  109  7:40  Probe (Chrono Boost)  
  109  7:41  Zealot x3  
  117  7:44  Probe x2 (Chrono Boost)  
  120  7:51  Immortal (Chrono Boost)  
  120  7:52  Probe (Chrono Boost)  
  120  7:53  Probe (Chrono Boost)  
  120  7:54  Probe (Chrono Boost)  
  125  7:58  Probe  
  125  8:00  Probe  
  125  8:01  Assimilator  
  125  8:02  Probe  
  127  8:05  Assimilator  
  127  8:07  Zealot x3  
  127  8:10  Probe  
  135  8:12  Probe  
  135  8:14  Probe  
  135  8:19  Zealot  
  128  8:22  Probe  
  128  8:25  Probe  
  128  8:26  Probe  
  123  8:33  Gateway  
  115  8:34  Gateway  
  115  8:37  Gateway  
  115  8:38  Zealot x3  
  115  8:41  Gateway  
  95  8:50  Zealot  
  95  8:53  Immortal (Chrono Boost)  
  97  9:00  Protoss Ground Weapons Level 2  
  97  9:01  Blink  
  101  9:09  Gateway  
  101  9:10  Templar Archives  
  101  9:11  Gateway  
  101  9:14  Gateway, Probe (Chrono Boost)  
  101  9:16  Probe (Chrono Boost)  
  101  9:17  Probe (Chrono Boost)  
  105  9:25  Probe (Chrono Boost)  
  105  9:26  Immortal (Chrono Boost)  
  105  9:27  Zealot x4  
  105  9:29  Probe x2 (Chrono Boost)  
  105  9:30  Probe (Chrono Boost)  
  119  9:37  Probe  
  119  9:38  Probe  
  122  9:40  Probe  
  122  9:41  Nexus  
  122  9:43  Gateway  
  123  9:45  Gateway  
  123  9:46  Pylon  
  123  9:47  Gateway  
  123  9:48  Psionic Storm  
  123  9:50  Probe (Chrono Boost)  
  123  9:51  High Templar x2  
  123  9:52  High Templar  
  130  9:57  Pylon  
  130  9:58  Probe (Chrono Boost), Immortal (Chrono Boost)  
  135  10:00  Pylon  
  135  10:03  High Templar x3  
  135  10:04  High Templar x2  
  145  10:08  Probe (Chrono Boost)  
  145  10:13  High Templar x2, Probe (Chrono Boost)  
  150  10:15  Zealot  
  153  10:24  Stalker x2  
  153  10:25  Zealot  
  159  10:29  Probe x3  
  159  10:32  Shield Battery  
  159  10:34  Immortal  
  159  10:35  Gateway  
  166  10:40  Assimilator, Zealot x3  
  166  10:41  High Templar x2, Probe x2  
  166  10:42  High Templar  
  180  10:44  Assimilator  
  180  10:47  Pylon  
  180  10:50  High Templar x2  
  180  10:51  Archon  
  184  11:00  Archon x4  
  184  11:01  Archon  
  184  11:07  Gateway  
  184  11:09  Gateway  
  184  11:11  Gateway  
  184  11:12  Gateway  
  184  11:13  Immortal  
  188  11:18  Zealot x3  
  188  11:19  Zealot x3  
  198  11:34  Nexus  
  180  11:43  Pylon  
  180  11:46  Pylon  
  172  11:49  Pylon  
  172  11:50  Pylon  
  172  11:51  Zealot x2  
  172  11:53  High Templar  
  172  11:54  High Templar  
  171  11:56  Immortal  
  152  12:17  Zealot x2  
  152  12:18  Zealot x4  
  162  12:25  Pylon  
  162  12:29  Pylon  
  148  12:35  Zealot  
  96  13:02  Probe (Chrono Boost)  
  93  13:06  Gateway  
  93  13:07  Gateway  
  93  13:10  Gateway  
  93  13:11  Probe (Chrono Boost)  
  93  13:12  Gateway  
  70  13:15  Assimilator  
  70  13:16  Probe (Chrono Boost)  
  70  13:17  Assimilator  
  70  13:18  Zealot  
  70  13:19  Zealot x4  
  59  13:26  Gateway  
  57  13:28  Gateway, Probe  
  57  13:30  Gateway  
  58  13:35  Gateway  
  58  13:40  Probe  
  59  13:43  Zealot x3  
  59  13:44  Zealot x2  
  69  13:52  Probe  
Tags
 
Add a new tag
Caveats
  • Supply blocks, unpowered buildings, or Contaminate may cause inaccurate times.
  • Supply counts are checked every 10 seconds.